 Dungeon Crawl Stone Soup version 0.18.1-48-g4cf74bf (webtiles) character file.

24839 dvd the Demolition Troll (level 12, -3/115 HPs)
             Began as a Troll Monk on Aug 1, 2016.
             Was an Elder of Makhleb.
             Slain by a wolf spider simulacrum (9 damage)
             ... in an ice cave.
             The game lasted 00:58:29 (14331 turns).

dvd the Demolition Troll (Troll Monk)              Turns: 14331, Time: 00:58:31

Health: -3/115     AC:  8    Str: 24    XL:     12   Next: 84%
Magic:  18/18      EV: 16    Int:  4    God:    Makhleb [****..]
Gold:   674        SH:  0    Dex: 17    Spells: 1 memorised, 12 levels left

rFire  + . .     SeeInvis +       - Unarmed
rCold  + . .     Gourm    +     K - +2 robe {rC+}
rNeg   . . .     Faith    .     (no shield)
rPois  .         Spirit   .     M - +1 hat {MR+}
rElec  .         Dismiss  +     (no cloak)
rCorr  .         Reflect  .     (gloves unavailable)
SustAt .         Harm     .     (boots unavailable)
MR     +....     Clarity  +     B - amulet of dismissal
Stlth  ++........               S - +3 ring of dexterity
                                P - ring of Ramifowi {Wiz SInv}

@: somewhat resistant to hostile enchantments, unstealthy
A: unfitting armour, claws 3, blurry vision 1, clarity, dopey 1, fire resistance
1, fast metabolism 3, gourmand, regeneration 2, shaggy fur 1, tough skin 2
a: Minor Destruction, Lesser Servant of Makhleb, Major Destruction, Renounce
Religion


You were in an ice cave.
You worshipped Makhleb.
Makhleb was greatly pleased with you.
You were completely stuffed.

You visited 3 branches of the dungeon, and saw 18 of its levels.
You also visited: Sewer and Ice Cave.

You collected 886 gold pieces.
You spent 212 gold pieces at shops.

Inventory:

Hand Weapons
 l - a +3 falchion
 p - the +3 quarterstaff of Duviaba {crush, +Rage rN+ Str+2}
   (You found it on level 7 of the Lair of Beasts)

   It inflicts extra damage upon your enemies.
   It affects your strength (+2).
   It protects you from negative energy.
   It lets you go berserk.
 w - a +5 quarterstaff of chaos
Missiles
 g - 4 large rocks
 s - 7 steel tomahawks
 u - a javelin (quivered)
 Q - 7 tomahawks
 R - 19 stones
Armour
 y - a +2 robe of fire resistance
 H - a +2 robe of magic resistance
 K - a +2 robe of cold resistance (worn)
 M - a +1 hat of magic resistance (worn)
Magical Staves
 N - an uncursed staff of summoning
Jewellery
 f - an uncursed ring of resist corrosion
 B - an amulet of dismissal (around neck)
 P - the ring of Ramifowi (left claw) {Wiz SInv}
   (You found it on level 9 of the Dungeon)

   [ring of wizardry]

   It improves your spell success rate.
   It lets you see invisible.
 S - a +3 ring of dexterity (right claw)
Wands
 r - a wand of iceblast (4/15)
 E - a wand of flame (39/48)
 L - a wand of digging (24/24)
 X - a wand of iceblast (7/15)
Scrolls
 d - 2 scrolls of amnesia
 e - 16 scrolls of identify
 h - 5 scrolls of remove curse
 k - 3 scrolls of blinking
 q - 3 scrolls of magic mapping
 C - 7 scrolls of teleportation
 F - a scroll of holy word
 I - 2 scrolls of fear
 W - a scroll of recharging
Potions
 m - a potion of brilliance
 v - a potion of magic
 x - 2 potions of might
 z - a potion of heal wounds
 G - 4 potions of flight
 O - 3 potions of cure mutation
 V - a potion of curing
Books
 n - A Beginning Course on Sorcery
   (You found it on level 10 of the Dungeon)

   Spells                             Type                      Level
   a - Magic Dart                     Conjuration                  1
   b - Flame Tongue                   Conjuration/Fire             1
   c - Sting                          Conjuration/Poison           1
   d - Sandblast                      Earth                        1
   e - Summon Small Mammal            Summoning                    1
 o - a book of Power

   Spells                             Type                      Level
   a - Fulminant Prism                Conjuration/Hexes            4
   b - Iskenderun's Mystic Blast      Conjuration                  4
   c - Venom Bolt                     Conjuration/Poison           5
   d - Bolt of Magma                  Conjuration/Fire/Earth       5
   e - Iron Shot                      Conjuration/Earth            6
   f - Orb of Destruction             Conjuration                  7
   g - Spellforged Servitor           Conjuration/Summoning        7
 t - a book of the Tempests

   Spells                             Type                      Level
   a - Static Discharge               Conjuration/Air              3
   b - Lightning Bolt                 Conjuration/Air              5
   c - Fireball                       Conjuration/Fire             5
   d - Tornado                        Air                          9
   e - Shatter                        Earth                        9
 D - a book of Summonings

   Spells                             Type                      Level
   a - Recall                         Summoning/Translocation      3
   b - Aura of Abjuration             Summoning                    5
   c - Summon Demon                   Summoning                    5
   d - Summon Forest                  Summoning/Translocation      5
   e - Summon Mana Viper              Hexes/Summoning              5
   f - Shadow Creatures               Summoning                    6
 J - a book of Frost

   Spells                             Type                      Level
   a - Freeze                         Ice                          1
   b - Throw Frost                    Conjuration/Ice              2
   c - Ozocubu's Armour               Charms/Ice                   3
   d - Throw Icicle                   Conjuration/Ice              4
   e - Summon Ice Beast               Ice/Summoning                4
 U - a book of Enchantments

   Spells                             Type                      Level
   a - Cause Fear                     Hexes                        4
   b - Yara's Violent Unravelling     Hexes/Transmutation          5
   c - Silence                        Hexes/Air                    5
   d - Deflect Missiles               Charms/Air                   6
   e - Haste                          Charms                       6
   f - Discord                        Hexes                        8
Comestibles
 b - 12 bread rations
 c - 3 beef jerkies
 i - 8 meat rations
 j - 2 royal jellies
 A - 19 fruits


   Skills:
 + Level 6.7 Fighting
 + Level 0.7 Staves
 + Level 6.1 Throwing
 + Level 9.1 Dodging
 + Level 4.3 Stealth
 + Level 9.7 Unarmed Combat
 + Level 2.1 Spellcasting
 + Level 2.1 Charms
 + Level 2.0 Ice Magic
 + Level 10.4 Invocations


You had 12 spell levels left.
You knew the following spells:

 Your Spells              Type           Power        Failure   Level  Hunger
a - Ozocubu's Armour      Chrm/Ice       #.......     32%         3    ####...


Dungeon Overview and Level Annotations

Branches:
Dungeon (11/15)            Temple (1/1) D:5            Lair (7/8) D:10
    Orc (0/2) D:9
  Swamp: Lair:3-6    Shoals: Lair:3-6     Snake: Lair:3-6    Spider: Lair:3-6
  Slime: Lair:6-8

Altars:
Ashenzari
Cheibriados
Dithmenos
Elyvilon
Fedhas
Gozag
Kikubaaqudgha
Makhleb
Nemelex Xobeh
Okawaru
Pakellas
Qazlal
Ru
Sif Muna
Trog
Vehumet
Xom
Yredelemnul
Zin
The Shining One

Shops:
D:4 [   D:5 }:   D:6 }   D:8 ((   D:11 }


Innate Abilities, Weirdness & Mutations

You are too large for most types of armour.
You have claws for hands.
Your metabolism is lightning-fast.
You like to eat raw meat.
You heal very quickly.
You are covered in fur (AC +1).
You have very tough skin (AC +2).
Scrolls take you a little longer to read.
You possess an exceptional clarity of mind.
You are dopey. (Int -2)
Your flesh is heat resistant.


Message History

The death yak simulacrum barely misses you.
The elephant simulacrum tramples you!
Your amulet of dismissal vibrates suddenly!
The elephant simulacrum freezes you! You resist.
* * * LOW HITPOINT WARNING * * *
The elephant simulacrum disappears!
Unknown command.
A demon appears!
You feel slightly less full. The wolf spider simulacrum misses you.
The wolf spider simulacrum bites you but does no damage.
The death yak simulacrum completely misses you.
The wolf spider simulacrum hits you.
* * * LOW HITPOINT WARNING * * *
The wolf spider simulacrum freezes you! You resist.
* * * LOW HITPOINT WARNING * * *
The wolf spider simulacrum bites you.
* * * LOW HITPOINT WARNING * * *
Your amulet of dismissal vibrates suddenly!
The wolf spider simulacrum freezes you! You resist.
You die...

#### ##..##
##....###
#....Z..##..
#.3.@Z(.(...
#....Z.....#
##....##..##
##..## ##
####


You could see 2 death yak simulacra, a wolf spider simulacrum and a friendly
smoke demon.

Vanquished Creatures
  The ghost of WarriorsX the Carver, a journeyman HuFi (Lair:3)
  3 hydras
  Urug (D:10)
  2 hill giants (D:10)
  Pikel (D:6)
  A cyclops (D:11)
  An ice statue (D:10)
  4 black mambas
  A gargoyle (D:11)
  2 spiny frogs
  A rime drake (Lair:7)
  2 komodo dragons
  A merfolk (D:10)
  8 blink frogs (Lair:7)
  A wyvern (D:9)
  10 yaks
  A human (D:10)
  3 hippogriffs
  A hungry ghost (D:11)
  3 vampire mosquitoes (D:11)
  The ghost of Heedrag the Cutter, an amateur KoBe of Trog (Sewer)
  7 water moccasins
  Menkaure (D:7)
  3 porcupines
  9 ice beasts
  7 sky beasts
  Duvessa (D:6)
  2 orc warriors (D:9)
  A wasp (D:10)
  A slave (D:6)
  A black bear (D:6)
  An ogre (D:10)
  3 phantoms
  3 wolves (Lair:7)
  4 centaurs
  11 crocodiles
  9 giant frogs
  3 scorpions
  Dowan (D:6)
  4 killer bees (D:10)
  5 wights
  4 electric eels
  3 howler monkeys
  4 crimson imps
  A giant frog skeleton (D:11)
  3 hounds
  4 orc priests
  2 jellies
  8 orc wizards
  Crazy Yiuf (D:7)
  A centaur skeleton (D:10)
  2 iguanas
  7 worker ants
  4 sheep (D:11)
  2 hound zombies
  3 hound skeletons
  A worker ant zombie (D:10)
  3 gnolls (D:6)
  10 adders
  19 river rats
  6 oozes
  2 adder skeletons (D:4)
  4 worms
  2 dart slugs (D:1)
  13 giant geckos
  19 orcs
  11 giant cockroaches
  6 goblins
  5 hobgoblins
  18 jackals
  6 kobolds
  5 quokkas
  2 ball pythons
  20 bats
  6 giant newts
  A quokka zombie (D:5)
  8 rats
  A fungus (Lair:7)
  A plant (Lair:1)
344 creatures vanquished.

Vanquished Creatures (collateral kills)
  Gastronok (D:8)
  Erica (D:8)
  A fire crab (Lair:7)
  A deep elf mage (D:10)
  Joseph (D:7)
  A black mamba (Lair:7)
  A spiny frog (Lair:7)
  Prince Ribbit (D:5)
  A two-headed ogre (D:9)
  6 blink frogs (Lair:7)
  4 yaks
  A vampire mosquito (D:11)
  Edmund (D:6)
  A water moccasin (Lair:7)
  2 porcupines (Lair:7)
  4 orc warriors (D:9)
  2 wolves (Lair:7)
  4 giant frogs
  3 wights
  3 hounds
  An adder (D:7)
  A shadow imp (D:9)
  7 orcs
  5 jackals (D:9)
  2 quokkas
  2 fungi (Lair:7)
58 creatures vanquished.

Vanquished Creatures (others)
  Maurice (D:10)
  An ogre (D:6)
  A slave (D:6)
  A jelly (D:10)
  A quokka (D:6)
  3 fungi (Lair:7)
  6 plants (Lair:7)
14 creatures vanquished.

Grand Total: 416 creatures vanquished

Notes
Turn   | Place    | Note
--------------------------------------------------------------
     0 | D:1      | dvd the Troll Monk began the quest for the Orb.
     0 | D:1      | Reached XP level 1. HP: 22/22 MP: 0/0
   149 | D:1      | Reached XP level 2. HP: 29/29 MP: 1/1
   427 | D:1      | Reached XP level 3. HP: 36/36 MP: 2/2
   698 | D:2      | Found a sparkling altar of Nemelex Xobeh.
  1153 | D:3      | Found a shadowy altar of Dithmenos.
  1169 | D:3      | Reached XP level 4. HP: 41/44 MP: 3/3
  1336 | D:3      | Reached skill level 5 in Unarmed Combat
  1336 | D:3      | Reached XP level 5. HP: 52/53 MP: 4/4
  1338 | D:3      | Found a burning altar of Makhleb.
  1347 | D:3      | Became a worshipper of Makhleb the Destroyer
  1347 | D:3      | Reached * piety under Makhleb
  1347 | D:3      | Reached ** piety under Makhleb
  1951 | D:4      | Found Xuziam's Armour Emporium.
  1955 | D:4      | Bought a +2 robe of fire resistance for 212 gold pieces
  2167 | D:4      | Reached skill level 1 in Invocations
  2388 | D:5      | Entered Level 5 of the Dungeon
  2408 | D:5      | Found Efuf's Gadget Boutique.
  2442 | D:5      | Found a staircase to the Ecumenical Temple.
  2485 | D:5      | Found Heazuc's Book Emporium.
  2488 | D:5      | Noticed an ice beast
  2504 | D:5      | Killed an ice beast
  2504 | D:5      | Reached XP level 6. HP: 15/61 MP: 4/6
  2539 | D:5      | Found a glowing drain.
  2544 | D:5      | Reached skill level 2 in Invocations
  2581 | Sewer    | Entered a sewer
  2673 | Sewer    | Noticed Heedrag's ghost (amateur KoBe)
  2690 | Sewer    | Killed Heedrag's ghost
  2690 | Sewer    | Reached skill level 1 in Throwing
  2737 | Sewer    | Reached *** piety under Makhleb
  2967 | Sewer    | Reached XP level 7. HP: 67/67 MP: 8/8
  3304 | D:5      | Noticed Prince Ribbit
  3332 | D:5      | Reached skill level 3 in Invocations
  3440 | D:5      | Killed Prince Ribbit
  3487 | D:5      | Gained mutation: You expend magic power (3 MP) to strengthen your wands. [mutagenic meat]
  3489 | D:5      | Gained mutation: You are agile. (Dex +2) [mutagenic meat]
  3491 | D:5      | Gained mutation: Scrolls take you a little longer to read. [mutagenic meat]
  3492 | D:5      | Gained mutation: Your spells are a little easier to cast, but a little less powerful. [mutagenic meat]
  3493 | D:5      | Lost mutation: Scrolls take you a little longer to read. [mutagenic meat]
  3723 | Temple   | Entered the Ecumenical Temple
  3808 | D:6      | Noticed Edmund
  3828 | D:6      | Found Juvich's Assorted Antiques.
  3846 | D:6      | Killed Edmund
  3846 | D:6      | Reached XP level 8. HP: 50/78 MP: 9/9
  3861 | D:6      | Reached skill level 4 in Invocations
  4337 | D:6      | Found an iron altar of Okawaru.
  4337 | D:6      | Noticed Dowan
  4338 | D:6      | Noticed Duvessa
  4348 | D:6      | Killed Dowan
  4351 | D:6      | Killed Duvessa
  4351 | D:6      | Reached skill level 5 in Dodging
  4458 | D:6      | Found an oddly glowing altar of Pakellas.
  4458 | D:6      | Found Pakellas's Prime Provisions.
  4471 | D:6      | Reached skill level 5 in Invocations
  4472 | D:6      | Noticed Pikel
  4495 | D:6      | Killed Pikel
  4495 | D:6      | Reached XP level 9. HP: 74/84 MP: 10/12
  4690 | D:6      | Reached skill level 6 in Invocations
  5144 | D:7      | Noticed Crazy Yiuf
  5148 | D:7      | Killed Crazy Yiuf
  5218 | D:7      | Noticed Joseph
  5239 | D:7      | Killed Joseph
  5547 | D:7      | Found a stormy altar of Qazlal.
  5773 | D:7      | Noticed Menkaure
  5782 | D:7      | Killed Menkaure
  5953 | D:8      | Found Eqecen's Antique Weapon Shoppe.
  6066 | D:8      | Noticed Erica
  6070 | D:8      | Found Fedy's Weapon Shop.
  6076 | D:8      | Killed Erica
  6114 | D:8      | Noticed Gastronok
  6143 | D:8      | Killed Gastronok
  6143 | D:8      | Reached skill level 7 in Invocations
  6143 | D:8      | Reached XP level 10. HP: 59/94 MP: 14/14
  6674 | D:9      | Got a scorched golden ring
  6680 | D:9      | Identified the ring of Ramifowi {Wiz SInv} (You found it on level 9 of the Dungeon)
  6776 | D:9      | Reached **** piety under Makhleb
  6934 | D:9      | Found a shadowy altar of Dithmenos.
  7026 | D:9      | Reached skill level 8 in Invocations
  7422 | D:9      | Found a staircase to the Orcish Mines.
  7453 | D:9      | Lost mutation: You are agile. (Dex +2) [potion of cure mutation]
  7453 | D:9      | Lost mutation: You expend magic power (3 MP) to strengthen your wands. [potion of cure mutation]
  7453 | D:9      | Lost mutation: Your spells are a little easier to cast, but a little less powerful. [potion of cure mutation]
  7454 | D:9      | Gained mutation: You possess an exceptional clarity of mind. [potion of mutation]
  7454 | D:9      | Gained mutation: You are dopey. (Int -2) [potion of mutation]
  7454 | D:9      | Gained mutation: You are weak. (Str -2) [potion of mutation]
  7455 | D:9      | Gained mutation: Scrolls take you a little longer to read. [potion of mutation]
  7455 | D:9      | Gained mutation: Your flesh is heat resistant. [potion of mutation]
  7455 | D:9      | Lost mutation: You are weak. (Str -2) [potion of mutation]
  7547 | D:10     | Entered Level 10 of the Dungeon
  7592 | D:10     | Noticed a deep elf mage
  7613 | D:10     | Noticed Maurice
  7618 | D:10     | Noticed an orange demon
  7624 | D:10     | Killed a deep elf mage
  7624 | D:10     | Reached skill level 5 in Fighting
  7725 | D:10     | Paralysed by a wasp for 1 turns
  7822 | D:10     | Noticed a hill giant
  7829 | D:10     | Killed a hill giant
  7848 | D:10     | Identified A Beginning Course on Sorcery
  7851 | D:10     | Noticed Urug
  7911 | D:10     | Noticed a hill giant
  7921 | D:10     | Killed a hill giant
  7949 | D:10     | Reached XP level 11. HP: 104/104 MP: 16/16
  7980 | D:10     | Killed Urug
  8092 | D:10     | Found a blossoming altar of Fedhas.
  8179 | D:10     | Killed Maurice
  8179 | D:10     | Reached skill level 9 in Invocations
  8226 | D:10     | Found a staircase to the Lair.
  9612 | D:11     | Found Vuqi's Quality Used Wands.
 10230 | Lair:1   | Entered Level 1 of the Lair of Beasts
 10314 | Lair:1   | Learned a level 3 spell: Ozocubu's Armour
 10354 | Lair:1   | Noticed a seven-headed hydra
 10365 | Lair:1   | Killed a seven-headed hydra
 11047 | Lair:1   | Reached skill level 1 in Spellcasting
 11047 | Lair:1   | Reached skill level 1 in Charms
 11536 | Lair:2   | Reached skill level 1 in Ice Magic
 11726 | Lair:2   | Reached XP level 12. HP: 110/114 MP: 18/18
 12301 | Lair:3   | Noticed WarriorsX's ghost (journeyman HuFi)
 12348 | Lair:3   | Killed WarriorsX's ghost
 12512 | Lair:3   | Reached skill level 10 in Invocations
 13060 | Lair:3   | Reached ***** piety under Makhleb
 13163 | Lair:4   | You fall through a shaft for 3 floors!
 13170 | Lair:7   | Reached skill level 5 in Throwing
 13322 | Lair:7   | Got a faintly glowing quarterstaff
 13361 | Lair:7   | Identified the cursed +3 quarterstaff of Duviaba {crush, +Rage rN+ Str+2} (You found it on level 7 of the Lair of Beasts)
 13398 | Lair:7   | Noticed a four-headed hydra
 13639 | Lair:7   | Killed a four-headed hydra
 13800 | Lair:7   | Noticed a four-headed hydra
 13806 | Lair:7   | Killed a four-headed hydra
 14267 | Lair:6   | Found a frozen archway.
 14322 | IceCv    | Entered an ice cave
 14331 | IceCv    | Slain by a wolf spider simulacrum

Skill      XL: |  1  2  3  4  5  6  7  8  9 10 11 12 |
---------------+-------------------------------------+-----
Dodging        | 3 4 5 6 7 8 9 |  9.1
Fighting       | 3 4 5 6 |  6.7
Unarmed Combat | 5 6 7 8 9 |  9.7
Invocations    | 1 2 3 5 7 8 9 10 | 10.4
Throwing       | 1 3 4 6 |  6.1
Stealth        | 2 3 4 |  4.3
Spellcasting   | 1 2 |  2.1
Charms         | 1 2 |  2.1
Ice Magic      | 1 2 |  2.0
Staves         | |  0.7

Action                   |  1- 3 |  4- 6 |  7- 9 | 10-12 || total
-------------------------+-------+-------+-------+-------++-------
Melee: Unarmed           |   115 |   134 |   189 |   595 ||  1033
       Punch             |       |     1 |     9 |    34 ||    44
       Quarterstaff      |       |       |       |    37 ||    37
Throw: Stone             |     7 |       |       |     1 ||     8
       Javelin           |       |     8 |    27 |    86 ||   121
       Tomahawk          |       |       |       |    54 ||    54
       Large rock        |       |       |       |    13 ||    13
 Cast: Ozocubu's Armour  |       |       |       |     1 ||     1
Invok: Minor Destruction |       |    35 |    46 |   128 ||   209
       Lesser Servant of |       |       |    14 |    31 ||    45
       Major Destruction |       |       |       |     4 ||     4
  Use: Potion            |       |     2 |       |    12 ||    14
       Scroll            |       |       |    13 |     9 ||    22
 Stab: Sleeping          |     3 |     3 |     5 |     6 ||    17
       Distracted        |       |       |     1 |     5 ||     6
  Eat: Chunk             |    16 |    19 |    39 |    88 ||   162
       Royal jelly       |       |       |       |     1 ||     1
Armor: Robe              |    61 |    47 |    49 |   146 ||   303
Dodge: Dodged            |    63 |    76 |    78 |   497 ||   714
